caaaasar, neutral male human Barbarian ---- ----------- --.>-------- |.........| |........*.| |......=..| |..-----.-.| |.........| |..|...|...| |....<....| |.`.*.....-| |.........| |.......|..| |.........| |.----..--.| |.........| |........|.-- |.........| |.---.-.....------------.| |...|...-..)%..N..%.*...@| |.........---------------- -----..|..| ------- caaaasar the Bandit Experience level: 6 Strength: 18/05 Dexterity: 16 Constitution: 17 Intelligence: 7 Wisdom: 8 Charisma: 9 Health: 0(60) Energy: 14(14) Def: 3 Gold: 793 Moves: 4387 Dungeon seed: fwW5ZmG_pcVzxfQU Game ID: caaaasar_1507220332 Your Inventory: Coins $ - 793 gold pieces Weapons a - a +0 battle-axe (weapon in hands) b - a +0 short sword Armor e - an uncursed +0 ring mail (being worn) Comestibles j - 5 uncursed food rations Scrolls z - 2 uncursed scrolls of earth named earth Spellbooks i - an uncursed spellbook of create monster l - an uncursed spellbook of force bolt Potions f - an uncursed potion of extra healing g - an uncursed potion of hallucination p - an uncursed potion of monster detection B - an uncursed potion of invisibility F - an uncursed potion of gain ability Rings x - a cursed ring of teleportation Wands h - a wand of cold (0:5) n - a wand of magic missile (0:3) y - a wand of fire (0:7) D - a wand of digging (0:8) Tools s - an uncursed oil lamp (0:1353) t - 2 uncursed tallow candles (0:200) u - a +0 pick-axe w - an uncursed stethoscope Spells and supernatural/magical abilities: Name Level Category Fail Memory W - pray for help -- divine ? -- Your skills at the end: Fighting Skills bare handed combat [Basic] Weapon Skills axe [Basic] short sword [Basic] Spellcasting Skills Final Attributes: You were stridently aligned. You were poison resistant. You were telepathic. You were unlucky. You are dead. Vanquished creatures: a dog a dingo a gnome mummy an imp a wood nymph an orc shaman 2 rock piercers a rock mole 2 ponies a fog cloud a shrieker a gnomish wizard a red naga hatchling 4 giant ants a little dog 2 floating eyes a kitten a dwarf 2 homunculi a rothe a giant bat a monkey 5 orc zombies a dwarf zombie an iguana 2 killer bees 5 coyotes 3 gas spores a hobbit 3 large kobolds 2 giant rats 3 cave spiders a yellow mold 4 gnomes 2 gnome zombies 2 geckos 5 jackals a fox 2 goblins 3 sewer rats 2 grid bugs 4 lichens a kobold zombie 2 newts 84 creatures vanquished. Voluntary challenges: You were an atheist. You used a wielded weapon 82 times, starting on turn 251. You read items or engraved 3 times, starting on turn 843. You never genocided any monsters. You never polymorphed an object. You never changed form. You used no wishes. You never split a pudding. You never wrote Elbereth's name. You violated your moral code, losing 24 points of alignment, starting on turn 4387. Dungeon overview: The Dungeons of Doom: levels 1 to 6 Level 1 a fountain a long staircase Level 2 a potion shop Level 3 a long staircase Level 4 a fountain Level 5 many fountains Level 6 a fountain stairs to Sokoban Sokoban: levels 4 to 5 Level 4 <- You were here Level 5 stairs to The Dungeons of Doom History has recorded: On T:1 you entered the Dungeons of Doom to retrieve the Amulet of Yendor! On T:45 you reached level 2 of The Dungeons of Doom. On T:559 you reached level 3 of The Dungeons of Doom. On T:665 you advanced to experience level 2. On T:778 you reached level 4 of The Dungeons of Doom. On T:897 you reached level 5 of The Dungeons of Doom. On T:953 you advanced to experience level 3. On T:1012 you advanced to experience level 4. On T:1890 you advanced to experience level 5. On T:1953 you reached level 6 of The Dungeons of Doom. On T:2327 you reached level 4 of Sokoban. On T:2806 you reached level 3 of Sokoban. On T:3694 you advanced to experience level 6. Score breakdown: Gold: 793 ( 9864 points) Experience: 6 levels (12456 points) Exploration: 6 levels ( 12.24%) ( 9682 points) Discoveries: 3 items ( 1.22%) ( 3312 points) Valuables value: (no points given unless you survive) Artifact value: 0 ( 0 points) Variety of kills: 44 monsters ( 11.55%) (10194 points) Turncount: 4387 turns (-1161 points) Survival: died (score multiplied by 80%) Total score: 35477 Latest messages: You kill the homunculus! There are a few objects here. Pudgy eats a red naga hatchling corpse. You miss the gnome zombie. The gnome zombie hits! You destroy the gnome zombie! There are a few objects here. j - 2 food rations. You see here 35 rocks. You kill the floating eye! You kill the gas spore! You are caught in the gas spore's explosion! b - a +0 short sword. There is nothing here to pick up. You kill the gas spore! Pudgy is caught in the gas spore's explosion! You kill poor pudgy! You hear the rumble of distant thunder... You are caught in the gas spore's explosion! Final status: Goodbye caaaasar the Barbarian, killed by a gas spore's explosion... You died in Sokoban on dungeon level 4 with 35477 points, and 793 pieces of gold, after 4387 moves. You were level 6 with a maximum of 60 hit points when you died.